 Dungeon Crawl Stone Soup version 0.23.2-1-ga50397a (webtiles) character file.

Game seed: 3303384353637736123

424 doot the Chucker (level 6, -16/63 HPs)
             Began as an Ogre Hunter on Apr 29, 2019.
             Was a Believer of Nemelex Xobeh.
             Demolished by an ice devil (20 damage)
             ... summoned by the player character
             ... on level 5 of the Dungeon.
             The game lasted 00:06:24 (3458 turns).

doot the Chucker (Ogre Hunter)                      Turns: 3458, Time: 00:06:24

Health: -16/63     AC:  3    Str: 18    XL:     6   Next: 96%
Magic:  6/6        EV: 10    Int: 12    God:    Nemelex Xobeh [**....]
Gold:   118        SH:  0    Dex: 10    Spells: 5/5 levels left

rFire    . . .     SeeInvis .   p - +0 morningstar
rCold    . . .     Gourm    .   (no shield)
rNeg     . . .     Faith    .   b - +0 robe
rPois    .         Spirit   .   (helmet restricted)
rElec    .         Reflect  .   (no cloak)
rCorr    .         Harm     .   (gloves unavailable)
MR       .....                  (boots unavailable)
Stlth    +.........             (no amulet)
HPRegen  0.20/turn              (no ring)
MPRegen  0.10/turn              (no ring)

@: marked, lightly drained
A: large, unfitting armour, tough skin 1
a: Draw Escape, Draw Destruction, Draw Summoning, Renounce Religion


You were on level 5 of the Dungeon.
You worshipped Nemelex Xobeh.
Nemelex Xobeh was pleased with you.
You were hungry.

You visited 1 branch of the dungeon, and saw 5 of its levels.

You collected 118 gold pieces.

Inventory:

Hand Weapons
 a - a +0 short sword
 j - a +0 mace
 p - a +0 morningstar (weapon)
Armour
 b - a +0 robe (worn)
Jewellery
 i - a cursed ring of teleportation {unknown}
Wands
 m - a wand of iceblast (8)
Scrolls
 h - a scroll of blinking {unknown}
 k - 3 scrolls of identify {unknown}
 l - a scroll of remove curse {unknown}
 n - a scroll of noise {unknown}
 q - a scroll of enchant armour {unknown}
 s - a scroll of random uselessness {unknown}
 t - a scroll of fog {unknown}
Potions
 c - a potion of heal wounds {unknown}
 e - a potion of might {unknown}
 g - 2 potions of agility {unknown}
 o - a potion of ambrosia {unknown}
Comestibles
 f - 6 rations


   Skills:
 + Level 4.5(4.4) Fighting
 + Level 1.3(1.2) Short Blades
 + Level 2.0(1.9) Maces & Flails
 + Level 5.9(5.8) Throwing
 + Level 3.1(3.0) Dodging
 + Level 1.2 Stealth


You had 5 spell levels left.
You didn't know any spells.
Your spell library was empty.

Dungeon Overview and Level Annotations

Branches:
Dungeon (5/15)
 Temple: D:4-7

Altars:
Nemelex Xobeh
Vehumet
Xom


Innate Abilities, Weirdness & Mutations

You are too large for most types of armour.
You have tough skin. (AC +1)


Message History

Your insubstantial wisp hits the ice devil.
Your insubstantial wisp blinks!
Unknown command.
Your hell hound bites the ice devil but does no damage.
Your insubstantial wisp hits the ice devil but does no damage.
The iguana closely misses your hell hound.
Your hell hound misses the ice devil.
Your insubstantial wisp barely misses the giant cockroach.
The orc hits you with a +0 hand axe.
* * * LOW HITPOINT WARNING * * *
A jackal comes into view.
Your insubstantial wisp blinks!
The jackal misses something.
Your hell hound bites the giant cockroach.
The giant cockroach dies!
The ice devil hits you.
* * * LOW HITPOINT WARNING * * *
The ice devil freezes you!!
You die...
Your body glows slightly and disappears.

.....
........+<..#....#
.....
.......h#...'....#
##
#.....#####....#
#.........#....#
#.........##'###
#..............#
###v##....>....#
#.4.h#.........#
#@o)l'.........#
#...v#.........#
##...###+##....#
#...# #....# #...+
#....# '...# #####


You could see an ice devil, an iguana, an orc, a jackal, a friendly hell hound
and 2 friendly insubstantial wisps.

Vanquished Creatures
  A howler monkey (D:4)
  A wight (D:5)
  An orc priest (D:3)
  Ijyb (D:3)
  2 orc wizards
  An iguana (D:4)
  4 worker ants (D:4)
  2 adders
  A worm (D:3)
  2 dart slugs (D:1)
  A leopard gecko (D:1)
  5 orcs
  2 bats
  2 giant cockroaches
  A goblin (D:1)
  2 hobgoblins (D:1)
  4 jackals (D:3)
  3 ball pythons
  A frilled lizard (D:1)
  4 kobolds
  3 rats
44 creatures vanquished.

Vanquished Creatures (collateral kills)
  A bullfrog skeleton (D:4)
  An iguana (D:4)
  An orc wizard (D:5)
  A shadow imp (D:5)
  2 orcs (D:5)
  A giant cockroach (D:5)
7 creatures vanquished.

Vanquished Creatures (others)
  An iguana (D:4)
  An orc wizard (D:4)
  2 orcs (D:4)
4 creatures vanquished.

Grand Total: 55 creatures vanquished

Notes
Turn   | Place    | Note
-------+----------+-------------------------------------------
     0 | D:1      | doot the Ogre Hunter began the quest for the Orb.
     0 | D:1      | Reached XP level 1. HP: 22/22 MP: 1/1
    94 | D:1      | Reached XP level 2. HP: 21/31 MP: 2/2
   626 | D:2      | Reached XP level 3. HP: 37/37 MP: 3/3
   761 | D:2      | Found a faded altar of an unknown god.
   769 | D:2      | Became a worshipper of Nemelex Xobeh the Trickster
   769 | D:2      | Received a gift from Nemelex Xobeh
   769 | D:2      | Reached * piety under Nemelex Xobeh
   825 | D:3      | Noticed Ijyb
   835 | D:3      | Killed Ijyb
   835 | D:3      | Reached XP level 4. HP: 31/45 MP: 4/4
  1073 | D:4      | Identified the +0 quarterstaff of Obsession {venom, rC+
                  | Dex+2}
  1079 | D:3      | Reached skill level 5 in Throwing
  1082 | D:3      | Reached XP level 5. HP: 3/53 MP: 5/5
  1426 | D:4      | Reached skill level 1 in Short Blades
  1428 | D:4      | Reached skill level 1 in Stealth
  1693 | D:4      | Reached XP level 6. HP: 7/62 MP: 6/6
  2027 | D:4      | Received a gift from Nemelex Xobeh
  2049 | D:4      | Found a shimmering altar of Xom.
  2063 | D:4      | Reached skill level 1 in Maces & Flails
  2614 | D:4      | Reached ** piety under Nemelex Xobeh
  2745 | D:4      | Found a radiant altar of Vehumet.
  2892 | D:4      | Received a gift from Nemelex Xobeh
  3021 | D:5      | Entered Level 5 of the Dungeon
  3453 | D:5      | Noticed an ice devil
  3458 | D:5      | Demolished by an ice devil

Skill      XL: |  1  2  3  4  5  6 |
---------------+-------------------+-----
Fighting       | 3 4 |  4.5
Dodging        | 2 3 |  3.1
Throwing       | 5 |  5.9
Short Blades   | 1 |  1.3
Stealth        | 1 |  1.2
Maces & Flails | 2 |  2.0

Action                   |  1- 3 |  4- 6 || total
-------------------------+-------+-------++-------
Melee: Short sword       |    11 |       ||    11
       Mace              |    19 |    59 ||    78
       Morningstar       |       |    20 ||    20
Throw: Large rock        |    13 |    21 ||    34
       Throwing net      |     3 |     1 ||     4
 Abil: Draw Destruction  |       |    11 ||    11
       Draw Summoning    |       |     4 ||     4
       Draw Escape       |       |     1 ||     1
  Eat: Chunk             |       |     7 ||     7
Armor: Robe              |    15 |    19 ||    34
Dodge: Dodged            |    18 |    59 ||    77
